 Dungeon Crawl Stone Soup version 0.27-a0-1123-g2f9bb313c0 (webtiles) character file.

Game seed: 17747025089699547876

2449 robertstho the Thaumaturge (level 9, -1/57 HPs)
             Began as a Djinni Fire Elementalist on May 3, 2021.
             Slain by a wraith (12 damage)
             ... in an ossuary.
             The game lasted 00:10:36 (8460 turns).

robertstho the Thaumaturge (DjFE)                   Turns: 8460, Time: 00:10:40

Health: -1/57      AC:  4    Str:  7    XL:     9   Next: 49%
Gold:   263        EV: 13    Int: 19    God:
                   SH:  0    Dex: 15

rFire    + + +     SeeInvis .   u - +0 dagger (elec)
rCold    . . .     Faith    .   (no shield)
rNeg     + . .     Spirit   .   n - +0 robe {rC+ rF+}
rPois    ∞         Reflect  .   (no helmet)
rElec    .         Harm     .   f - +1 cloak
rCorr    +         Rampage  .   (no gloves)
Will     .....                  (boots unavailable)
Stlth    +++.......             (no amulet)
HPRegen  0.19/turn              h - ring of resist corrosion
MPRegen  0.00/turn              x - ring of positive energy

@: flying, slowed, very slow
A: fire resistance 2, cold vulnerability 1, float, innate caster, hp casting,
extra vitality 1
a: no special abilities


You were in an ossuary.
You visited 1 branch of the dungeon, and saw 6 of its levels.
You also visited: Ossuary.

You collected 263 gold pieces.

Inventory:

Hand Weapons
 e - a +0 short sword
 t - a +0 short sword of protection
 u - a +0 dagger of electrocution (weapon)
Missiles
 k - a throwing net
Armour
 f - a +1 cloak (worn)
 n - a +0 robe of resistance (worn)
Jewellery
 h - a ring of resist corrosion (left hand)
 x - a ring of positive energy (right hand)
Wands
 v - a wand of digging (5)
 B - a wand of iceblast (8)
Scrolls
 a - a scroll of acquirement {unknown}
 g - 2 scrolls of teleportation {unknown}
 j - 3 scrolls of enchant armour
 m - a scroll of vulnerability {unknown}
 o - a scroll of immolation {unknown}
 q - 4 scrolls of fear {unknown}
 r - 2 scrolls of amnesia {unknown}
 w - a scroll of summoning {unknown}
 y - 2 scrolls of identify
 z - a scroll of enchant weapon {unknown}
Potions
 b - 2 potions of haste
 c - 3 potions of invisibility {unknown}
 d - 2 potions of curing {unknown}
 i - 3 potions of attraction {unknown}
 l - a potion of ambrosia
 p - 2 potions of brilliance {unknown}
 s - a potion of flight {unknown}
 A - a potion of mutation {unknown}
 C - a potion of heal wounds {unknown}
 D - a potion of magic {unknown}


   Skills:
 + Level 1.2 Fighting
 + Level 0.5 Short Blades
 + Level 3.9 Dodging
 + Level 4.3 Stealth
 + Level 9.7 Spellcasting


You had one spell level left.
You knew the following spells:

 Your Spells              Type           Power      Damage    Failure   Level
a - Foxfire               Conj/Fire      100%       2x1d9     1%          1
b - Conjure Flame         Conj/Fire      46%        6-21      1%          3
c - Inner Flame           Hex/Fire       46%        N/A       1%          3
d - Sticky Flame          Conj/Fire      46%        2d6       1%          4
e - Fireball              Conj/Fire      23%        3d11      3%          5
f - Animate Skeleton      Necr           92%        N/A       1%          1
g - Static Discharge      Conj/Air       46%        N/A       1%          2
h - Ignite Poison         Fire/Tmut/Pois 46%        N/A       1%          3
i - Ice Form              Ice/Tmut       46%        N/A       1%          4
Your spell library was empty.

Dungeon Overview and Level Annotations

Branches:
Dungeon (6/15)            Ossuary (1/1)
 Temple: D:4-7

Altars:
Ashenzari
Gozag
Makhleb
Trog
Vehumet


Innate Abilities, Weirdness & Mutations

You are immune to poison.
Your flesh is very heat resistant. (rF++)
You are vulnerable to cold. (rC-)
You float through the air rather than walking.
You learn spells naturally, not from books.
Your magical power is your life essence.
You have superior vitality. (+4 HP)


Message History

The wraith is heavily damaged.
The foxfire hits the wraith!
The wraith is severely damaged.
The wraith barely misses you.
Casting: Foxfire (safe; 1% risk of failure)
Press: ? - help, Q - select action, (/) - cycle Dir - look around, f - activate You conjure some foxfire!
The foxfire hits the wraith.
The wraith is severely damaged.
The wraith hits you. The wraith drains your vigour!
You feel yourself slow down.
Unknown command.
Casting: Foxfire (safe; 1% risk of failure)
Press: ? - help, Q - select action, (/) - cycle Dir - look around, f - activate You conjure some foxfire!
The foxfire hits the wraith.
The wraith is almost destroyed.
The foxfire hits the wraith but does no damage.
The wraith is almost destroyed.
The wraith hits you! x2
The foxfire hits the wraith but does no damage.
The wraith is severely damaged.
The wraith closely misses you.
Casting: Foxfire (safe; 1% risk of failure)
Press: ? - help, Q - select action, (/) - cycle Dir - look around, f - activate You conjure some foxfire!
The wraith hits you!
* * * LOW HITPOINT WARNING * * *
The wraith barely misses you.
The foxfire hits the wraith but does no damage.
The wraith is severely damaged.
The foxfire hits the wraith.
The wraith is almost destroyed.
The wraith barely misses you.
Casting: Foxfire (safe; 1% risk of failure)
Press: ? - help, Q - select action, (/) - cycle Dir - look around, f - activate You conjure some foxfire!
* * * LOW HITPOINT WARNING * * *
The wraith hits you!
You die...

#.....# #z#
#...............#
#.8.8.#####▓###.###.......#
'.......'.....'.# #.......#
#.8.8.#####▓###.###.......##
#.....# #W#
#...............# #######
### #.###..###..###.#
#.#.#..#z#..# #.W##..###..#
#v@v......... ##############


You could see a wraith (ally target).

Vanquished Creatures
  Pikel (D:5)
  Grinder (D:6)
  Sigmund (D:5)
  A wyvern (D:4)
  Duvessa (D:5)
  Purgy (D:4)
  A hornet zombie (D:5)
  An ice beast (D:5)
  3 ogres
  A lemure (D:5)
  2 bullfrogs
  A scorpion (D:4)
  Dowan (D:5)
  A centaur zombie (D:5)
  A bullfrog skeleton (D:4)
  An orc priest (D:5)
  A gnoll shaman (D:4)
  Jessica (D:3)
  Natasha (twice) (D:3)
  4 iguanas (D:5)
  An orc wizard (D:5)
  Ijyb (D:5)
  A mummy (D:6)
  3 howler monkey skeletons
  8 gnolls
  8 adders
  A shadow imp (D:5)
  A white imp (D:3)
  2 adder zombies (Ossuary)
  2 dart slugs
  6 orcs
  5 endoplasms
  3 giant cockroaches
  6 goblins
  8 hobgoblins
  3 jackals
  8 kobolds
  A quokka (D:4)
  4 ball pythons
  5 bats
  4 frilled lizards
  3 hobgoblin skeletons (Ossuary)
  A hobgoblin zombie (Ossuary)
  A kobold zombie (Ossuary)
  3 orc zombies (Ossuary)
  2 rats
118 creatures vanquished.

Vanquished Creatures (collateral kills)
  A foxfire (D:3)
1 creature vanquished.

Vanquished Creatures (others)
  600 foxfires
600 creatures vanquished.

Grand Total: 719 creatures vanquished

Notes
Turn   | Place    | Note
-------+----------+-------------------------------------------
     0 | D:1      | robertstho the Djinni Fire Elementalist began the quest for
                  | the Orb.
     0 | D:1      | Reached XP level 1. HP: 15/15 MP: 0/0
   303 | D:1      | Found a faded altar of an unknown god.
   408 | D:1      | Reached skill level 3 in Spellcasting
   493 | D:1      | Reached XP level 2. HP: 17/21 MP: 0/0
  1595 | D:2      | Reached XP level 3. HP: 22/25 MP: 0/0
  1595 | D:2      | Learned a level 1 spell: Animate Skeleton
  2220 | D:2      | Reached XP level 4. HP: 27/31 MP: 0/0
  2844 | D:3      | Reached skill level 4 in Spellcasting
  2878 | D:3      | Found a burning altar of Makhleb.
  2974 | D:3      | Noticed Natasha
  2987 | D:3      | Killed Natasha
  3154 | D:3      | Noticed Jessica
  3158 | D:3      | Killed Jessica
  3159 | D:3      | Reached XP level 5. HP: 31/35 MP: 0/0
  3159 | D:3      | Learned a level 2 spell: Static Discharge
  3440 | D:3      | Found an opulent altar of Gozag.
  3771 | D:3      | Found a bloodstained altar of Trog.
  3908 | D:3      | Noticed Natasha
  3914 | D:3      | Killed Natasha
  4160 | D:4      | Noticed an ogre
  4170 | D:4      | Killed an ogre
  4171 | D:4      | Reached XP level 6. HP: 36/40 MP: 0/0
  4252 | D:4      | Reached skill level 5 in Spellcasting
  4562 | D:4      | Reached XP level 7. HP: 36/45 MP: 0/0
  4562 | D:4      | Learned a level 3 spell: Ignite Poison
  4897 | D:4      | Noticed Purgy
  4903 | D:4      | Killed Purgy
  4904 | D:4      | Reached skill level 6 in Spellcasting
  5030 | D:4      | Noticed a wyvern
  5036 | D:4      | Killed a wyvern
  5566 | D:5      | Entered Level 5 of the Dungeon
  5761 | D:4      | Reached XP level 8. HP: 22/51 MP: 0/0
  5992 | D:5      | Noticed Sigmund
  6183 | D:5      | Reached skill level 7 in Spellcasting
  6186 | D:5      | Killed Sigmund
  6520 | D:5      | Noticed Pikel
  6534 | D:5      | Killed Pikel
  6535 | D:5      | Reached skill level 1 in Fighting
  6535 | D:5      | Reached skill level 8 in Spellcasting
  6665 | D:5      | Reached XP level 9. HP: 44/57 MP: 0/0
  6665 | D:5      | Learned a level 4 spell: Ice Form
  6946 | D:5      | Noticed Ijyb
  6952 | D:5      | Killed Ijyb
  6993 | D:5      | Noticed Duvessa
  6995 | D:5      | Noticed Dowan
  7007 | D:5      | Killed Duvessa
  7008 | D:5      | Reached skill level 9 in Spellcasting
  7014 | D:5      | Killed Dowan
  7749 | D:6      | Noticed Grinder
  7756 | D:6      | Killed Grinder
  7897 | D:6      | Found a broken altar of Ashenzari.
  7929 | D:6      | Found a sand-covered staircase.
  7937 | Ossuary  | Entered an ossuary
  8460 | Ossuary  | Slain by a wraith

Illustrated notes

Levels and vault maps discovered:
D:1:      enne_arrival_octagon_isle, layout_basic,
          hellmonk_ecumenical_altar_arch_garden, kennysheep_minor_cross,
          minmay_misc_feat_roman, minmay_misc_feat_x
D:2:      layout_basic
D:3:      layout_loops_corners, marbit_many_paths, fiery_altar_vehumet,
          trog_hazing_becter, lemuel_crystal_altar, uniq_natasha, uniq_jessica
D:4:      kennysheep_spiral_hall, layout_loops_ring, minmay_stone_trees_medium,
          uniq_purgy
D:5:      layout_rooms, uniq_ijyb, uniq_pikel, uniq_duvessa, uniq_sigmund
D:6:      layout_basic, nicolae_uskayaw_dance_hall, amcnicky_altar_gilded,
          gup_ossuary_entry_pyramid, lightli_sewer_entry_pipes, uniq_edmund,
          uniq_grinder, uniq_crazy_yiuf_cottage
Ossuary:  ossuary_due_cavern

Skill      XL: |  1  2  3  4  5  6  7  8  9 |
---------------+----------------------------+-----
Spellcasting   | 3 4 5 6 8 9 |  9.7
Stealth        | 2 3 4 |  4.3
Dodging        | 3 |  3.9
Fighting       | 1 |  1.2
Short Blades   | |  0.5

Action                   |  1- 3 |  4- 6 |  7- 9 || total
-------------------------+-------+-------+-------++-------
Melee: Short sword       |       |     2 |     2 ||     4
       Dagger            |       |       |     3 ||     3
 Cast: Foxfire           |    68 |    98 |   204 ||   370
       Sticky Flame      |       |     3 |    16 ||    19
  Use: Scroll            |       |     2 |     1 ||     3
 Stab: Sleeping          |       |       |     1 ||     1
Armor: Robe              |     2 |     2 |    13 ||    17
Dodge: Dodged            |    17 |     8 |    48 ||    73

Table legend: (Time is in decaauts)
 A = Elapsed time spent in this place.
 B = Non-inter-level travel time spent in this place.
 C = Inter-level travel time spent in this place.
 D = Time resting spent in this place.
 E = Time spent auto-exploring this place.
 F = Levels seen in this place.
 G = Mean time per level.
                   A        B        C        D        E       F      G
               +--------+--------+--------+--------+--------+-----+--------+
         Total |   8467 |   8061 |    406 |   1167 |   5987 |   7 | 1209.6 |
       Dungeon |   7942 |   7536 |    406 |    944 |   5790 |   6 | 1323.7 |
       Ossuary |    524 |    524 |      0 |    223 |    197 |   1 |  524.0 |
               +--------+--------+--------+--------+--------+-----+--------+

Top non-repeatable levels by time:
     D:4: 2263 daAuts
     D:3: 1488 daAuts
     D:1: 1401 daAuts
     D:5: 1377 daAuts
     D:2: 1224 daAuts
 Ossuary: 524 daAuts
     D:6: 187 daAuts
